 Dungeon Crawl Stone Soup version 0.28.0 (webtiles) character file.

Game seed: 8309075101990076928

99 issech the Cudgeller (level 4, -6/44 HPs)
             Began as a Troll Monk on Feb 12, 2022.
             Mangled by an ogre (13 damage)
             ... on level 2 of the Dungeon.
             The game lasted 00:06:15 (2356 turns).

issech the Cudgeller (Troll Monk)                   Turns: 2356, Time: 00:06:16

Health: -6/44      AC:  4    Str: 19    XL:     4   Next: 45%
Magic:  3/3        EV: 10    Int:  6    God:
Gold:   79         SH:  0    Dex: 14    Spells: 3/3 levels left

rFire   . . .      SeeInvis .   a - +0 mace
rCold   . . .      Faith    .   (no shield)
rNeg    + . .      Spirit   .   b - +0 robe
rPois   .          Reflect  .   (helmet restricted)
rElec   .          Harm     .   (no cloak)
rCorr   .          Rampage  .   (gloves unavailable)
Will    .....                   (boots unavailable)
Stlth   ++........              (no amulet)
HPRegen 0.94/turn               k - ring of positive energy
MPRegen 0.08/turn               (no ring)

@: no status effects
A: large, unfitting armour, claws 3, regeneration 1, shaggy fur 1, tough skin 1
a: no special abilities


You were on level 2 of the Dungeon.
You visited 1 branch of the dungeon, and saw 3 of its levels.

You collected 79 gold pieces.

Inventory:

Hand Weapons
 a - a +0 mace (weapon)
Missiles
 d - 19 arrows
 e - 27 sling bullets
 f - 53 stones (quivered)
 j - 43 bolts
 q - 2 poisoned darts
Armour
 b - a +0 robe (worn)
Magical Staves
 n - a staff of death
Jewellery
 k - a ring of positive energy (left claw)
Scrolls
 g - a scroll of identify {unknown}
 h - a scroll of vulnerability {unknown}
 l - a scroll of blinking {unknown}
 m - a scroll of noise {unknown}
 p - a scroll of fog {unknown}
Potions
 c - a potion of attraction {unknown}
 i - a potion of curing {unknown}
 o - a potion of resistance


   Skills:
 + Level 2.9 Fighting
 + Level 3.6 Maces & Flails
 + Level 3.2 Dodging
 + Level 1.1 Stealth


You had 3 spell levels left.
You didn't know any spells.
Your spell library was empty.

Dungeon Overview and Level Annotations

Branches:
Dungeon (3/15)

Altars:


Innate Abilities, Weirdness & Mutations

You are too large for most types of armour.
You have claws for hands.
Your natural rate of healing is unusually fast.
You are covered in fur. (AC +1)
You have tough skin. (AC +1)


Message History

* * * LOW HITPOINT WARNING * * *
You hit the adder but do no damage.
The adder is severely wounded.
You feel sick. The adder bites you.
* * * LOW HITPOINT WARNING * * *
You miss the adder.
The adder is severely wounded.
You feel sick. The adder barely misses you. The adder bites you.
* * * LOW HITPOINT WARNING * * *
You are more poisoned.
The adder poisons you!
You hit the adder.
You kill the adder!
* * * LOW HITPOINT WARNING * * *
You feel very sick.
You feel sick.
* * * LOW HITPOINT WARNING * * *
You feel sick.
You hear the slow rusting of a drain nearby.
You feel sick.
There is an open door here.
You feel sick.
You feel sick.
You feel sick.
You feel sick.
You are no longer poisoned.
Found an orange potion.
An ogre comes into view. It is wielding a +0 giant spiked club.
The ogre shouts!
A kobold comes into view. It is wielding a +0 short sword.
There is an open door here.
There is a stone staircase leading up here.
The ogre hits you with a +0 giant spiked club!!
Ouch! That really hurt!
* * * LOW HITPOINT WARNING * * *
You climb upwards.
There is a stone staircase leading down here.
You barely miss the ogre.
The ogre hits you with a +0 giant spiked club!
You die...

##### #..#######.#
#.# ### #
##..........###.# #..
#####
##...###.........#
#.# ....#
#.....##.###.#####
#.# ###.#
##...###.###.# #.#
#.# ##......<...# #.#
#.#########.###.###.#
#..
#...............###.#
###
###########...@O....#
###########


You could see an ogre.

Vanquished Creatures
  2 adders
  4 dart slugs
  3 bats
  2 endoplasms
  16 giant cockroaches
  A goblin (D:2)
  4 hobgoblins
  7 jackals
  5 kobolds
  3 quokkas
  11 ball pythons
  2 frilled lizards
  2 rats (D:1)
62 creatures vanquished.

Vanquished Creatures (others)
  A plant (D:1)
1 creature vanquished.

Grand Total: 63 creatures vanquished

Notes
Turn   | Place    | Note
-------+----------+-------------------------------------------
     0 | D:1      | issech the Troll Monk began the quest for the Orb.
     0 | D:1      | Reached XP level 1. HP: 22/22 MP: 0/0
   134 | D:1      | Reached XP level 2. HP: 26/29 MP: 1/1
   373 | D:1      | Reached XP level 3. HP: 32/36 MP: 2/2
   394 | D:1      | Found a faded altar of an unknown god.
  1734 | D:2      | Reached XP level 4. HP: 44/44 MP: 3/3
  2321 | D:3      | HP: 2/44 [poisoned by an adder]
  2326 | D:3      | HP: 1/44 [poisoned by an adder]
  2336 | D:3      | Noticed an ogre
  2356 | D:2      | Mangled by an ogre

Illustrated notes

Levels and vault maps discovered:
D:1:      psy_arrival_basics, layout_basic, dreamdust_ecumenical_altar_grove
D:2:      minmay_roachtagon, layout_loops_corners
D:3:      layout_basic, lemuel_zombie_altar_kikubaaqudgha, gup_sewer_entry_bowl,
          minmay_fountain_box, uniq_jessica

Skill      XL: |  1  2  3 |
---------------+----------+-----
Dodging        | 3 |  3.2
Maces & Flails | 3 |  3.6
Fighting       | |  2.9
Stealth        | |  1.1

Action                   |  1- 3 |  4- 6 || total
-------------------------+-------+-------++-------
Melee: Mace              |   137 |    81 ||   218
       Punch             |     1 |     1 ||     2
 Stab: Sleeping          |     2 |       ||     2
Armor: Robe              |    69 |    39 ||   108
Dodge: Dodged            |   126 |    51 ||   177
